 Dungeon Crawl Stone Soup version 0.29.0-4-gdea44cf6ec (webtiles) character file.

Game seed: 9207627089715552013

2615 quinnr the Destroyer (level 9, 0/78 HPs)
             Began as a Tengu Conjurer on Aug 27, 2022.
             Slain by an orc wizard
             ... wielding a +0 dagger
              (2 damage)
             ... while paralysed by an orc wizard
             ... on level 7 of the Dungeon.
             The game lasted 00:19:26 (8136 turns).

quinnr the Destroyer (Tengu Conjurer)               Turns: 8136, Time: 00:19:26

Health: 0/78       AC: 24    Str:  7    XL:     9   Next: 60%
Magic:  0/14       EV:  2    Int: 22    God:
Gold:   343        SH:  0    Dex: 14    Spells: 8/14 levels left

rFire   . . .      SeeInvis .   f - staff of poison {!a}
rCold   . . .      Faith    .   A - orb {light}
rNeg    . . .      Spirit   .   (body armour currently unavailable)
rPois   +          Reflect  .   (helmet currently unavailable)
rElec   .          Harm     .   (cloak currently unavailable)
rCorr   +          Rampage  .   (gloves currently unavailable)
Will    .....      NoTele   +   (boots unavailable)
Stlth   +.........              K - amulet of the acrobat
HPRegen 0.23/turn               E - +4 ring of evasion
MPRegen 0.14/turn               R - ring of resist corrosion

@: paralysed, tree-form, hasted, glowing
A: stationary, stasis, torment immunity, boosted hp, (beak), (talons 3), nimble
flight
a: no special abilities


You were on level 7 of the Dungeon.
You were a tree.
You visited 1 branch of the dungeon, and saw 7 of its levels.

You collected 424 gold pieces.
You spent 81 gold pieces at shops.


Innate Abilities, Weirdness & Mutations

You are a tree.
Your roots penetrate the ground, keeping you stationary.
You cannot be teleported.
You are immune to unholy pain and torment.
Your maximum health is greatly increased.
Your equipment is partially melded.
((You have a beak for a mouth.))
((You have claws for feet.))
Your magical nature lets you fly swiftly and evasively.


   Skills:
 - Level 4.0 Fighting
 - Level 3.0 Armour
 + Level 4.8 Dodging
 - Level 4.0 Stealth
 - Level 3.0 Spellcasting
 + Level 11.2 Conjurations
 - Level 4.0 Hexes
 + Level 3.7 Evocations


You had 8 spell levels left.
You knew the following spells:

 Your Spells              Type           Power      Damage    Failure   Level
d - Dazzling Flash        Conj/Hex       72%        N/A       1%          3
m - Magic Dart            Conj           100%       1d8       1%          1
s - Searing Ray           Conj           100%       2d8       1%          2

Your spell library contained the following spells:

 Spells                   Type           Power      Damage    Failure   Level
 Fulminant Prism          Conj/Hex       18%        3d11      5%          4
 Iskenderun's Mystic Bla  Conj/Tloc      27%        2d7       12%         4

Inventory:

Hand Weapons
 L - the +3 war axe "Juuk" {freeze, Will+ Str+2 Dex+2}
   (You found it on level 7 of the Dungeon)

   It freezes those it strikes, dealing additional cold damage.
   It can also slow down cold-blooded creatures.
   Str:       It affects your strength (+2).
   Dex:       It affects your dexterity (+2).
   Will:      It increases your willpower.
Missiles
 u - 13 poisoned darts
Armour
 a - a +0 robe
 h - a +0 cloak (melded)
 A - an orb of light (worn)
 F - a +2 pair of gloves (melded)
 G - +0 acid dragon scales (melded)
Magical Staves
 f - a staff of poison (weapon) {!a}
Jewellery
 e - a +4 ring of evasion
 D - a +6 ring of dexterity
 E - a +4 ring of evasion (left branch)
 K - an amulet of the acrobat (around neck)
 N - a ring of positive energy
 P - a ring of poison resistance
 R - a ring of resist corrosion (right branch)
Wands
 J - a wand of flame (29)
Scrolls
 c - 3 scrolls of enchant armour {unknown}
 d - 2 scrolls of blinking {unknown}
 g - 2 scrolls of poison
 l - 2 scrolls of noise {unknown}
 m - a scroll of acquirement {unknown}
 p - 4 scrolls of teleportation {@r2}
 r - a scroll of enchant weapon {unknown}
 s - a scroll of brand weapon {unknown}
 v - 2 scrolls of immolation {unknown}
 w - a scroll of silence {unknown}
 y - a scroll of magic mapping {unknown}
 B - a scroll of torment {unknown}
 M - a scroll of identify {@r1}
Potions
 i - a potion of ambrosia
 j - a potion of resistance {unknown}
 k - 2 potions of haste {@q3}
 n - a potion of degeneration {unknown}
 q - 2 potions of flight {unknown}
 t - 4 potions of curing {unknown}
 x - a potion of magic
 z - a potion of experience {unknown}
 C - a potion of brilliance
 H - a potion of attraction {unknown}
 I - a potion of berserk rage {!q}

Dungeon Overview and Level Annotations

Branches:
Dungeon (7/15)
 Temple: D:4-7

Altars:
Cheibriados
Trog
Uskayaw
Yredelemnul

Shops:
D:1 *   D:6 *

Annotations:
D:4 Grinder

###.#####.#.#
#...# #.# #.#.#
###.# #.# #.#.#
#.## #.# #.#.#
#..# #.#
#▒▒▒▒▒▒▒▒▒▒ ##.#
#.# ▒▒........▒▒
#.# ...
▒▒..h.......▒▒#†#
▒..oly.......▒#†#
▒.lO♣Wo...o..▒▒.#
▒..o▒▒▒▒▒▒▒▒.....#
▒.Y ▒▒..▒▒# ▒.Y
▒▒..▒ ▒o ▒▒O▒▒ ▒.
▒).▒ ▒ ▒▒.▒ ▒)▒
▒.▒


You could see a yak, an orc warrior, a wyvern, a vampire mosquito, an ice beast,
an ogre, a shadow, an iguana, a hound, an orc priest, an orc wizard (invisible)
and 2 orcs.


Message History

A yak comes into view.
The ogre hits you but does no damage.
Casting: Magic Dart (safe; 1% risk of failure)
Confirm with . or Enter, or press ? or * to list all spells.
You don't have enough magic to cast this spell.
Unknown command.
You hit the shadow.
The shadow is almost destroyed.
The wyvern bites you but does no damage.
The shadow hits you.
The orc wizard zaps a wand.
You suddenly lose the ability to move!
The wyvern bites you!
* * * LOW HITPOINT WARNING * * *
The ogre hits you but does no damage.
The vampire mosquito bites you but does no damage.
The shadow hits you.
The orc wizard hits you but does no damage.
An orc comes into view. It is wielding a +0 club.
The wyvern bites you but does no damage.
The orc shouts!
The vampire mosquito bites you but does no damage. x2
The wyvern bites you.
* * * LOW HITPOINT WARNING * * *
The ogre hits you with a +0 giant club!
* * * LOW HITPOINT WARNING * * *
The shadow hits you.
* * * LOW HITPOINT WARNING * * *
An orc warrior comes into view. It is wielding a +0 glaive.
The orc wizard hits you with a +0 dagger.
You die...

Skill      XL: |  1  2  3  4  5  6  7  8  9 |
---------------+----------------------------+-----
Fighting       | 1 2 3 4 |  4.0
Conjurations   | 6 7 8 9 10 11 | 11.2
Hexes          | 1 3 4 |  4.0
Spellcasting   | 3 |  3.0
Stealth        | 4 |  4.0
Armour         | 2 3 |  3.0
Evocations     | 2 3 |  3.7
Dodging        | 3 4 |  4.8

Action                   |  1- 3 |  4- 6 |  7- 9 || total
-------------------------+-------+-------+-------++-------
Melee: Staff             |     5 |     1 |    11 ||    17
       Kick              |       |       |     1 ||     1
       Peck              |       |       |     1 ||     1
Throw: Dart              |       |     9 |       ||     9
 Cast: Magic Dart        |    48 |    40 |    96 ||   184
       Searing Ray       |     4 |    14 |    38 ||    56
       Dazzling Flash    |       |       |     2 ||     2
  Use: Potion            |     1 |       |     5 ||     6
       Scroll            |     4 |     2 |     2 ||     8
Armor: Robe              |       |     1 |     1 ||     2
       Acid dragon scale |       |       |    19 ||    19
       Skin              |       |       |    40 ||    40
Dodge: Dodged            |    18 |    18 |    77 ||   113

Levels and vault maps discovered:
D:1:      dpeg_arrival_central, layout_basic, serial_shops, shop_statue,
          dreamdust_ecumenical_altar_grove, hangedman_decor_lopped
D:2:      layout_loops_ring
D:3:      layout_basic, mainiacjoe_overflow_brackets, nicolae_uskayaw_en_pointe,
          serial_forest, infiniplex_forest_clump_cross,
          infiniplex_forest_clump_small, infiniplex_forest_clump_small,
          infiniplex_forest_clump_small, uniq_terence
D:4:      layout_loops_ring, nicolae_ru_the_path_less_chosen,
          minmay_temple_entry_purple_smoke, ebering_ghost_rock_garden,
          hangedman_abyss_or_decor_stabs, uniq_grinder
D:5:      layout_rooms, slow_altar_2
D:6:      layout_cave_pools, serial_co_window_serial,
          co_window_of_opportunity_a, co_window_corner_a, co_window_paths_a,
          co_window_paths_a, co_window_of_opportunity_a, co_window_paths_b,
          co_window_paths_a, co_window_unsneaky_path_a, co_window_cross_4,
          co_window_corner_b, co_window_of_opportunity_b, co_window_2corner,
          glass_columns_a, serial_shops, nicolae_shop_waterfront,
          eino_small_chamber_without_monster
D:7:      layout_loops_ring, tgw_trog,
          mainiacjoe_overflow_concentric_impassable, nzn_random_ring

Notes
Turn   | Place    | Note
-------+----------+-------------------------------------------
     0 | D:1      | quinnr the Tengu Conjurer began the quest for the Orb.
     0 | D:1      | Reached XP level 1. HP: 10/10 MP: 4/4
   407 | D:1      | Found a faded altar of an unknown god.
   545 | D:1      | Reached XP level 2. HP: 16/16 MP: 4/6
   548 | D:1      | Learned a level 2 spell: Searing Ray
  1053 | D:1      | Reached skill level 1 in Fighting
  1120 | D:1      | Found Laicais's Assorted Antiques.
  1125 | D:1      | Bought a scroll labelled YCZUIPTIGGAH for 21 gold pieces
  1126 | D:1      | Bought a scroll of identify for 42 gold pieces
  1357 | D:2      | Reached skill level 6 in Conjurations
  1445 | D:1      | Bought a viscous emerald potion for 18 gold pieces
  1642 | D:2      | Reached XP level 3. HP: 20/20 MP: 1/7
  2537 | D:3      | Found a basalt altar of Yredelemnul.
  2541 | D:3      | Noticed Terence
  2544 | D:3      | Killed Terence
  2545 | D:3      | Reached XP level 4. HP: 26/26 MP: 3/8
  2832 | D:3      | Noticed a +0 dagger
  2940 | D:3      | Noticed a +0 short sword
  2941 | D:3      | Noticed a +0 short sword
  2941 | D:3      | Noticed a +0 falchion
  2941 | D:3      | Noticed a +0 falchion
  2941 | D:3      | Noticed a +0 spear
  2942 | D:3      | Noticed a +0 spear
  2943 | D:3      | Noticed a +0 dagger
  2945 | D:3      | Found a hide-covered altar of Uskayaw.
  3026 | D:3      | Reached skill level 2 in Fighting
  3026 | D:3      | Reached skill level 7 in Conjurations
  3521 | D:4      | Noticed Grinder
  3799 | D:5      | Entered Level 5 of the Dungeon
  3804 | D:5      | Gained mutation: Your magical nature lets you fly swiftly
                  | and evasively. [Tengu growth]
  3804 | D:5      | Reached XP level 5. HP: 30/30 MP: 3/9
  3996 | D:5      | Noticed an ice beast
  4002 | D:5      | Learned a level 3 spell: Dazzling Flash
  4054 | D:5      | Reached skill level 8 in Conjurations
  4374 | D:5      | Reached skill level 1 in Hexes
  4374 | D:5      | Reached XP level 6. HP: 35/35 MP: 2/10
  4761 | D:5      | Reached skill level 3 in Spellcasting
  4898 | D:5      | Found a snail-covered altar of Cheibriados.
  4905 | D:5      | Reached XP level 7. HP: 40/40 MP: 3/12
  4994 | D:5      | Reached skill level 3 in Stealth
  4994 | D:5      | Reached skill level 2 in Hexes
  5153 | D:6      | Reached skill level 9 in Conjurations
  5261 | D:6      | Found Baecooboty's General Store.
  5383 | D:6      | Reached skill level 4 in Stealth
  5587 | D:6      | Reached skill level 3 in Hexes
  5587 | D:6      | Reached XP level 8. HP: 27/44 MP: 5/13
  5865 | D:6      | Reached skill level 10 in Conjurations
  6115 | D:6      | Reached skill level 1 in Armour
  6234 | D:6      | Reached skill level 1 in Evocations
  6345 | D:6      | Reached skill level 3 in Dodging
  6967 | D:6      | Reached skill level 2 in Armour
  7077 | D:7      | Reached skill level 3 in Fighting
  7233 | D:7      | Reached skill level 2 in Evocations
  7233 | D:7      | Reached XP level 9. HP: 50/50 MP: 4/14
  7393 | D:7      | Noticed a moth of wrath
  7395 | D:7      | Found a bloodstained altar of Trog.
  7529 | D:7      | Identified the +3 war axe "Juuk" {freeze, Will+ Str+2
                  | Dex+2}
  7763 | D:7      | Reached skill level 4 in Hexes
  7905 | D:7      | Reached skill level 4 in Dodging
  7999 | D:7      | Reached skill level 3 in Armour
  8039 | D:7      | Reached skill level 3 in Evocations
  8125 | D:7      | Reached skill level 4 in Fighting
  8125 | D:7      | Reached skill level 11 in Conjurations
  8134 | D:7      | Paralysed by an orc wizard for 4 turns
  8136 | D:7      | HP: 2/78 [shadow (6)]
  8136 | D:7      | Slain by an orc wizard

Vanquished Creatures
  A steam dragon (D:7)
  3 vampire mosquitoes (D:7)
  An acid dragon (D:6)
  A water moccasin (D:7)
  A black bear (D:6)
  An orc warrior (D:6)
  A sky beast (D:7)
  4 ice beasts
  2 ogres
  2 centaurs
  A phantom (D:7)
  A kobold brigand (D:6)
  A necrophage (D:6)
  A scorpion (D:5)
  4 wights
  A howler monkey (D:7)
  A hound (D:6)
  A gnoll bouda (D:5)
  An iron imp (D:5)
  3 jellies
  An iguana (D:5)
  Terence (D:3)
  8 gnolls (D:5)
  2 adders
  A shadow imp (D:7)
  4 white imps (D:7)
  A worm (D:7)
  2 dart slugs (D:2)
  11 orcs
  5 bats
  2 endoplasms
  7 goblins
  4 hobgoblins
  5 jackals
  5 kobolds
  A quokka (D:4)
  5 ball pythons
  5 frilled lizards
  6 rats
108 creatures vanquished.

Table legend: (Time is in decaauts)
 A = Elapsed time spent in this place.
 B = Non-inter-level travel time spent in this place.
 C = Inter-level travel time spent in this place.
 D = Time resting spent in this place.
 E = Time spent auto-exploring this place.
 F = Levels seen in this place.
 G = Mean time per level.
                   A        B        C        D        E       F      G
               +--------+--------+--------+--------+--------+-----+--------+
         Total |   7954 |   7661 |    293 |   1187 |   5373 |   7 | 1136.3 |
       Dungeon |   7954 |   7661 |    293 |   1187 |   5373 |   7 | 1136.3 |
               +--------+--------+--------+--------+--------+-----+--------+

Top non-repeatable levels by time:
     D:6: 1879 daAuts
     D:1: 1407 daAuts
     D:5: 1248 daAuts
     D:3: 1033 daAuts
     D:7: 1029 daAuts
     D:2: 977 daAuts
     D:4: 379 daAuts

Table legend:
 A = Non-vault XP
 B = Vault XP
 C = Vault XP percentage of total XP
 D = Non-vault monster count
 E = Vault monster count
 F = Vault count percentage of total count
                 A         B        C        D         E       F
            +---------+---------+-------+---------+---------+-------
      Total |    2990 |     747 |  20.0 |      90 |      18 |  16.7
            +---------+---------+-------+---------+---------+-------
        D:1 |      24 |       0 |   0.0 |      15 |       0 |   0.0
        D:2 |      36 |       0 |   0.0 |      14 |       0 |   0.0
        D:3 |      23 |      36 |  61.0 |       7 |       1 |  12.5
        D:4 |      16 |       0 |   0.0 |       8 |       0 |   0.0
        D:5 |     571 |      43 |   7.0 |      19 |       1 |   5.0
        D:6 |    1473 |       0 |   0.0 |      20 |       0 |   0.0
        D:7 |     847 |     668 |  44.1 |       7 |      16 |  69.6
            +---------+---------+-------+---------+---------+-------
